 Dungeon Crawl Stone Soup version 0.29-a0-529-gfa20dd96a1 (webtiles) character file.

Game seed: 14044879545788311781

310 hquester1 the Schismatic (level 6, -3/48 HPs)
             Began as a Demonspawn Abyssal Knight on June 1, 2022.
             Was an Elder of Lugonu.
             Slain by Pikel
             ... wielding a +0 whip of electrocution
              (20 damage)
             ... on level 4 of the Dungeon.
             The game lasted 00:15:19 (3805 turns).

hquester1 the Schismatic (DsAK)                     Turns: 3805, Time: 00:15:19

Health: -3/48      AC: 14    Str: 19    XL:     6   Next: 17%
Magic:  9/9        EV:  9    Int: 11    God:    Lugonu [****..]
Gold:   235        SH:  0    Dex: 19    Spells: 5/5 levels left

rFire   . . .      SeeInvis .   j - +2 flail (protect)
rCold   + . .      Faith    .   e - +0 kite shield
rNeg    . . .      Spirit   .   x - +0 scale mail "Deredooff" {rPois rC+ Will- Dex+5}
rPois   +          Reflect  +   (no helmet)
rElec   .          Harm     +   r - +0 cloak "Nyhusiar" {Harm Str+4}
rCorr   .          Rampage  .   g - +2 pair of gloves
Will    .....                   o - +2 pair of boots
Stlth   ..........              u - amulet of reflection
HPRegen 0.16/turn               (no ring)
MPRegen 0.11/turn               (no ring)

@: confused
A: powered by death 2, sturdy frame 1
a: Renounce Religion, Depart the Abyss, Bend Space, Banish, Corrupt


You were on level 4 of the Dungeon.
You worshipped Lugonu.
Lugonu was greatly pleased with you.
You visited 1 branch of the dungeon, and saw 4 of its levels.
You visited the Abyss 1 time.

You collected 310 gold pieces.
You spent 75 gold pieces at shops.

Inventory:

Hand Weapons
 a - a +1 mace
 j - a +2 flail of protection (weapon)
Armour
 e - a +0 kite shield (worn)
 g - a +2 pair of gloves (worn)
 o - a +2 pair of boots (worn)
 r - the +0 cloak "Nyhusiar" (worn) {Harm Str+4}
   (You found it on level 2 of the Dungeon)

   Str:       It affects your strength (+4).
   Harm:      It increases damage dealt and taken.
 w - a +0 chain mail
 x - the +0 scale mail "Deredooff" (worn) {rPois rC+ Will- Dex+5}
   (You found it on level 4 of the Dungeon)

   Dex:       It affects your dexterity (+5).
   rC:        It protects you from cold.
   rPois:     It protects you from poison.
   Will:      It decreases your willpower.
Jewellery
 h - an amulet of regeneration
 u - an amulet of reflection (around neck)
Wands
 v - a wand of iceblast (9)
Scrolls
 k - a scroll of amnesia
 n - a scroll of vulnerability {unknown}
 p - a scroll of teleportation
Potions
 b - a potion of brilliance
 c - 3 potions of might
 d - 2 potions of curing
 f - a potion of cancellation {unknown}
 i - a potion of lignification {unknown}
 m - a potion of resistance {unknown}
 s - a potion of flight {unknown}
 t - a potion of haste {unknown}


   Skills:
 + Level 3.9 Fighting
 + Level 2.8 Maces & Flails
 + Level 2.8 Armour
 + Level 2.3 Dodging
 + Level 1.9 Shields
 + Level 4.2 Invocations


You had 5 spell levels left.
You didn't know any spells.
Your spell library contained the following spells:

 Spells                   Type           Power      Damage    Failure   Level
 Confusing Touch          Hex            0%         N/A       100%        3
 Yara's Violent Unravell  Hex/Tmut       0%         3d3       100%        5
 Enfeeble                 Hex            0%         N/A       100%        7


Dungeon Overview and Level Annotations

Branches:
Dungeon (4/15)
 Temple: D:4-7

Altars:

Shops:
D:2 *[*?

Annotations:
D:4 Pikel


Innate Abilities, Weirdness & Mutations

You regenerate health from kills.
Your movements are slightly less encumbered by armour. (ER -2)


Message History

You closely miss Pikel.
Pikel is almost dead.
Pikel hits you but does no damage.
You are electrocuted!
You hit Pikel.
Pikel is almost dead.
Pikel hits you but does no damage. Pikel barely misses you.
You hit Pikel.
Pikel is almost dead.
Pikel zaps a wand.
Your will is overpowered!
You are more confused.
You bump into the rock wall.
Pikel hits you but does no damage.
You bump into the rock wall.
Pikel hits you with a +0 whip of electrocution!
You are electrocuted!
* * * LOW HITPOINT WARNING * * *
You feel much better. Pikel closely misses you.
You're too confused to move!
Pikel closely misses you.
You bump into the rock wall.
Pikel barely misses you.
You closely miss Pikel.
Pikel is almost dead.
Pikel hits you but does no damage.
Pikel hits you with a +0 whip of electrocution.
You are electrocuted!!
* * * LOW HITPOINT WARNING * * *
You feel better.
Pikel says, "Hell isn't that bad."
You block Pikel's attack.
You closely miss Pikel.
Pikel is almost dead.
You block Pikel's attack.
You barely miss Pikel.
Pikel is almost dead.
Pikel completely misses you.
Pikel zaps a wand.
Your will is overpowered!
You are confused.
The now-empty wand crumbles to dust.
You bump into the rock wall.
Pikel hits you but does no damage.
You're too confused to move!
Pikel hits you with a +0 whip of electrocution.
You are electrocuted!
You die...

###################
..................#
################.##
#.# #@# #K# #5# #5#
#K# #5# #5# .J# ..#


You could see Pikel, 4 lemures, a jelly and a kobold.

Vanquished Creatures
  A hound (D:4)
  An orc priest (D:3)
  Natasha (thrice) (D:2)
  6 adders
  3 gnolls (D:2)
  A worm (D:2)
  A dart slug (D:3)
  6 orcs
  9 ball pythons
  5 bats
  7 endoplasms
  14 giant cockroaches
  6 goblins
  7 hobgoblins
  7 kobolds
  2 quokkas (D:1)
  2 frilled lizards
  6 rats
87 creatures vanquished.

Notes
Turn   | Place    | Note
-------+----------+-------------------------------------------
     0 | Abyss:1  | hquester1 the Demonspawn Abyssal Knight began the quest for
                  | the Orb.
     0 | Abyss:1  | Reached XP level 1. HP: 18/18 MP: 2/2
    47 | Abyss:1  | Noticed a large abomination
    49 | D:1      | Escaped the Abyss
    85 | D:1      | Reached skill level 1 in Dodging
   472 | D:1      | Gained mutation: You regenerate a little health from kills.
                  | [demonic ancestry]
   472 | D:1      | Reached XP level 2. HP: 22/24 MP: 3/3
  1087 | D:2      | Found Qusuicops's Antique Armour Boutique.
  1143 | D:2      | Found Ykeu's General Store.
  1183 | D:2      | Reached XP level 3. HP: 29/29 MP: 5/5
  1193 | D:2      | Reached skill level 3 in Invocations
  1252 | D:2      | Reached skill level 1 in Shields
  1266 | D:2      | Gained mutation: You regenerate health from kills. [demonic
                  | ancestry]
  1266 | D:2      | Reached XP level 4. HP: 35/35 MP: 6/6
  1297 | D:2      | Noticed Natasha
  1328 | D:2      | Killed Natasha
  1358 | D:2      | Noticed Natasha
  1377 | D:2      | Killed Natasha
  1397 | D:2      | Reached *** piety under Lugonu
  1398 | D:2      | Gained mutation: Your movements are slightly less
                  | encumbered by armour. (ER -2) [demonic ancestry]
  1398 | D:2      | Reached XP level 5. HP: 41/41 MP: 7/7
  1439 | D:2      | Found Heule's Assorted Antiques.
  1553 | D:2      | Identified the +0 cloak "Nyhusiar" {Harm Str+4}
  1635 | D:2      | Found Miymm's Magic Scroll Shoppe.
  1640 | D:2      | Bought a scroll of enchant weapon for 75 gold pieces
  1695 | D:2      | Noticed Natasha
  1702 | D:2      | Killed Natasha
  2242 | D:3      | Reached skill level 4 in Invocations
  2332 | D:3      | Found a faded altar of an unknown god.
  2971 | D:4      | Identified the +0 scale mail "Deredooff" {rPois rC+ Will-
                  | Dex+5}
  3050 | D:4      | Noticed a lemure
  3102 | D:4      | Reached XP level 6. HP: 46/48 MP: 9/9
  3621 | D:4      | Reached **** piety under Lugonu
  3771 | D:4      | Noticed Pikel
  3805 | D:4      | Slain by Pikel

Illustrated notes

Levels and vault maps discovered:
D:1:      lemuel_arrival_lava_pool, layout_loops_ring, minivault_4,
          minmay_misc_feat_iff
D:2:      minmay_roachtagon, layout_basic, serial_shops, shop_coins,
          nicolae_shop_hallway_plus, nicolae_shop_behind_doors, shop,
          uniq_natasha
D:3:      layout_basic, shapermc_ecumenical_altar_starsandcircs, chequers_garden
D:4:      layout_basic, uniq_pikel, uniq_grinder

Skill      XL: |  1  2  3  4  5 |
---------------+----------------+-----
Dodging        | 1 2 |  2.3
Maces & Flails | 2 |  2.8
Armour         | 2 |  2.8
Invocations    | 3 4 |  4.2
Shields        | 1 |  1.9
Fighting       | |  3.9

Action                   |  1- 3 |  4- 6 || total
-------------------------+-------+-------++-------
Melee: Mace              |   119 |    66 ||   185
       Flail             |       |   115 ||   115
Invok: Depart the Abyss  |     1 |       ||     1
       Bend Space        |       |     1 ||     1
  Use: Scroll            |     1 |     7 ||     8
       Potion            |       |     3 ||     3
 Stab: Sleeping          |     4 |       ||     4
Armor: Leather armour    |    31 |    30 ||    61
       Ring mail         |       |    22 ||    22
       Chain mail        |       |     9 ||     9
       Scale mail        |       |    24 ||    24
Dodge: Dodged            |    61 |    72 ||   133
Block: Kite shield       |    44 |    86 ||   130
       Reflection        |       |     1 ||     1

Table legend: (Time is in decaauts)
 A = Elapsed time spent in this place.
 B = Non-inter-level travel time spent in this place.
 C = Inter-level travel time spent in this place.
 D = Time resting spent in this place.
 E = Time spent auto-exploring this place.
 F = Levels seen in this place.
 G = Mean time per level.
                   A        B        C        D        E       F      G
               +--------+--------+--------+--------+--------+-----+--------+
         Total |   3957 |   3822 |    135 |    306 |   2272 |   5 |  791.4 |
       Dungeon |   3908 |   3773 |    135 |    306 |   2225 |   4 |  977.0 |
         Abyss |     49 |     49 |      0 |      0 |     47 |   1 |   49.0 |
               +--------+--------+--------+--------+--------+-----+--------+

Top non-repeatable levels by time:
     D:1: 1073 daAuts
     D:2: 1021 daAuts
     D:4: 986 daAuts
     D:3: 826 daAuts
 Abyss:1: 49 daAuts
